 Dungeon Crawl Stone Soup version 0.24-a0-499-g1074bba3cf (webtiles) character file.

Game seed: 303600725820438261

25 Inarius the Chucker (level 2, -2/23 HPs)
             Began as a Demonspawn Hunter on July 14, 2019.
             Shot with an arrow by a centaur (12 damage)
             ... on level 2 of the Dungeon.
             The game lasted 00:01:06 (1390 turns).

Inarius the Chucker (Demonspawn Hunter)             Turns: 1390, Time: 00:01:07

Health: -2/23      AC:  3    Str: 12    XL:     2   Next: 86%
Magic:  2/2        EV: 14    Int: 12    God:
Gold:   76         SH:  0    Dex: 13    Spells: 1/1 levels left

rFire    . . .     SeeInvis .   a - +0 short sword
rCold    . . .     Gourm    .   (no shield)
rNeg     . . .     Faith    .   b - +0 leather armour
rPois    .         Spirit   .   (no helmet)
rElec    .         Reflect  .   (no cloak)
rCorr    .         Harm     .   (no gloves)
MR       .....                  (no boots)
Stlth    +.........             (no amulet)
HPRegen  0.07/turn              (no ring)
MPRegen  0.08/turn              (no ring)

@: no status effects
A: repulsion field 1
a: no special abilities


You were on level 2 of the Dungeon.
You were not hungry.

You visited 1 branch of the dungeon, and saw 2 of its levels.

You collected 76 gold pieces.

Inventory:

Hand Weapons
 a - a +0 short sword (weapon)
Missiles
 c - 6 javelins (quivered)
 d - 2 throwing nets
Armour
 b - a +0 leather armour (worn)
Potions
 e - a potion of curing {unknown}
Comestibles
 f - a ration


   Skills:
 * Level 2.9 Fighting
 - Level 3.6 Throwing
 + Level 0.4 Armour
 + Level 2.2 Dodging
 - Level 0.8 Stealth


You had one spell level left.
You didn't know any spells.
Your spell library was empty.

Dungeon Overview and Level Annotations

Branches:
Dungeon (2/15)

Altars:


Innate Abilities, Weirdness & Mutations

You are surrounded by a mild repulsion field. (EV +2)


Message History

Eating a chunk of flesh.
You eat the chunk of flesh.
This raw flesh tastes terrible.
There is a stone staircase leading down here.
You climb downwards.
Found a murky dark potion, 9 gold pieces and an ivory ring.
There is a stone staircase leading up here.
A centaur comes into view.
The centaur shouts!
The centaur wields a +0 shortbow.
The centaur shoots an arrow.
The arrow hits you.
A giant cockroach comes into view.
Things that are here:
an arrow; 9 gold pieces A dart slug comes into view.
The centaur shoots an arrow.
The arrow hits you!
Ouch! That really hurt!
The centaur shoots an arrow.
The arrow barely misses you.
The centaur shoots an arrow.
The arrow hits you!
Ouch! That really hurt!
You die...

#. ..#
#.#####c##
#####....#...#.
..............c
#.(=# ##.## .
##.#.#
....####.###.#
..!....@## #..
.....###.# ###
... #.# . #.#
##


You could see a centaur.

Vanquished Creatures
  A dart slug (D:1)
  2 leopard geckos (D:1)
  3 giant cockroaches (D:1)
  3 goblins (D:1)
  4 hobgoblins (D:1)
  A bat (D:1)
  2 frilled lizards (D:1)
  A kobold (D:1)
  3 rats (D:1)
20 creatures vanquished.

Notes
Turn   | Place    | Note
-------+----------+-------------------------------------------
     0 | D:1      | Inarius the Demonspawn Hunter began the quest for the Orb.
     0 | D:1      | Reached XP level 1. HP: 16/16 MP: 1/1
   145 | D:1      | Gained mutation: You are surrounded by a mild repulsion
                  | field. (EV +2) [demonic ancestry]
   145 | D:1      | Reached XP level 2. HP: 13/23 MP: 2/2
  1386 | D:2      | Noticed a centaur
  1390 | D:2      | Shot with an arrow by a centaur

Levels and vault maps discovered:
D:1:      wander_arrival_peaceful_grave, layout_loops_corners,
          serial_park_tiny_2
D:2:      layout_loops_ring, nicolae_ashenzari_panopticon, uniq_natasha,
          uniq_jessica

Skill      XL: |  1 |
---------------+----+-----
Dodging        | 2 |  2.2
Fighting       | |  2.9
Throwing       | |  3.6
Armour         | |  0.4
Stealth        | |  0.8

Action                   || total
-------------------------++-------
Melee: Short sword       ||    91
 Stab: Sleeping          ||     2
  Eat: Chunk             ||     2
Armor: Leather armour    ||    20
Dodge: Dodged            ||    80

Table legend:
 A = Non-vault XP
 B = Vault XP
 C = Vault XP percentage of total XP
 D = Non-vault monster count
 E = Vault monster count
 F = Vault count percentage of total count
                 A         B        C        D         E       F
            +---------+---------+-------+---------+---------+-------
      Total |      37 |       0 |   0.0 |      20 |       0 |   0.0
            +---------+---------+-------+---------+---------+-------
        D:1 |      37 |       0 |   0.0 |      20 |       0 |   0.0
            +---------+---------+-------+---------+---------+-------
